 Dungeon Crawl Stone Soup version 0.31-a0-232-gb1c03b2570 (webtiles) character file.

Game seed: 7988859956662217636

107 qw the Shooter (level 4, -2/26 HPs)
             Began as a Gargoyle Hexslinger on July 7, 2023.
             Slain by a gnoll
             ... wielding a +0 flail
              (4 damage)
             ... on level 3 of the Dungeon.
             The game lasted 00:00:43 (2309 turns).

qw the Shooter (Gargoyle Hexslinger)                Turns: 2309, Time: 00:00:44

Health: -2/26      AC: 10    Str: 11    XL:     4   Next: 86%
Magic:  5/5        EV: 10    Int: 14    God:
Gold:   142        SH:  0    Dex: 14    Spells: 4/5 levels left

rFire   . . .        Y - +0 orcbow
rCold   . . .        (shield currently unavailable)
rNeg    + . .        b - +0 ring mail
rPois   inf          (no helmet)
rElec   +            (no cloak)
rCorr   .            a - +0 pair of gloves
SInv    .            h - +0 pair of boots
Will    .....        (no amulet)
Stlth   +            (no ring)
HPRegen 0.24/turn    (no ring)
MPRegen 0.09/turn

%: no passive effects
@: no status effects
A: sickness immunity, AC +3, negative energy resistance 1, electricity
resistance, torment resistance 1, petrification resistance
a: no special abilities


You were on level 3 of the Dungeon.
You visited 1 branch of the dungeon, and saw 3 of its levels.

You collected 142 gold pieces.


Innate Abilities, Weirdness & Mutations

You are immune to sickness and miasma.
Your stone body is resilient. (AC +3)
You are immune to poison.
You resist negative energy. (rN+)
You are resistant to electric shocks. (rElec)
You are resistant to unholy torment.
You are immune to petrification.


   Skills:
 - Level 2.2 Fighting
 + Level 4.3 Ranged Weapons
 - Level 1.0 Armour
 - Level 1.5 Dodging
 - Level 1.0 Spellcasting
 - Level 2.6 Hexes


You had 4 spell levels left.
You knew the following spells:

 Your Spells              Type           Power      Damage    Failure   Level
a - Slow                  Hex            32%        N/A       21%         1

Your spell library contained the following spells:

 Spells                   Type           Power      Damage    Failure   Level
 Inner Flame              Hex/Fire       4%         N/A       71%         3
 Portal Projectile        Hex/Tloc       8%         N/A       71%         3
 Cause Fear               Hex            4%         N/A       90%         4

Inventory:

Hand Weapons
 Y - a +0 orcbow (weapon)
Armour
 a - a +0 pair of gloves (worn)
 b - a +0 ring mail (worn)
 h - a +0 pair of boots (worn)
Scrolls
 c - a scroll of vulnerability {unknown}
 e - a scroll of noise {unknown}
 g - a scroll of identify
Potions
 d - 2 potions of curing {unknown}
 i - a potion of lignification {unknown}
 j - 2 potions of might

Dungeon Overview and Level Annotations

Branches:
Dungeon (3/15)

Altars:


Message History

The gnoll shouts!
You shoot an arrow. The arrow hits the gnoll.
The gnoll is moderately wounded.
The gnoll completely misses you.
You shoot an arrow.
The arrow hits the gnoll but does no damage.
The gnoll is moderately wounded.
The gnoll barely misses you. The gnoll hits you but does no damage.
The gnoll barely misses you.
You shoot an arrow. The arrow barely misses the gnoll.
You shoot an arrow. The arrow hits the gnoll!
You kill the gnoll!
The gnoll hits you with a +0 flail.
The gnoll throws a throwing net.
The throwing net hits you.
You become entangled in the net!
The gnoll hits you with a +0 flail!
You struggle against the net.
The gnoll hits you but does no damage.
You struggle against the net.
The gnoll hits you but does no damage. x2
You shred the net and break free! The gnoll closely misses you.
The gnoll barely misses you.
You shoot an arrow. The arrow hits the gnoll!
The gnoll is almost dead.
The gnoll hits you with a +0 flail. The gnoll hits you but does no damage.
You shoot an arrow. The arrow hits the gnoll.
You kill the gnoll!
The gnoll completely misses you.
You shoot an arrow. The arrow closely misses the gnoll.
The gnoll closely misses you. x2
You shoot an arrow. The arrow hits the gnoll.
The gnoll is moderately wounded.
The gnoll hits you with a +0 flail.
You shoot an arrow. The arrow barely misses the gnoll.
The gnoll hits you with a +0 flail. The gnoll closely misses you.
You shoot an arrow. The arrow barely misses the gnoll.
The gnoll hits you but does no damage.
You shoot an arrow. The arrow hits the gnoll.
The gnoll is heavily wounded.
The gnoll misses you. The gnoll hits you with a +0 flail.
You die...

####### #...... #......
############## #......
####....>.......#####...... .
#...#.###g@........[.......
..#.#......)########...######
........###'### ###.#
..#.##.)......# #.#
..............# #.#
#.#.#.........# #.#
#............(# #.####
#.....#.......# #....#
#.######..##### ####.###


You could see a gnoll.

Vanquished Creatures
  6 gnolls
  An adder (D:3)
  A worm (D:2)
  A dart slug (D:3)
  4 endoplasms
  2 giant cockroaches (D:1)
  A goblin (D:1)
  4 hobgoblins
  A quokka (D:1)
  3 ball pythons
  4 bats
  6 frilled lizards
  3 kobolds
  6 rats
43 creatures vanquished.

Notes
Turn   | Place    | Note
-------+----------+-------------------------------------------
     0 | D:1      | qw the Gargoyle Hexslinger began the quest for the Orb.
     0 | D:1      | Reached XP level 1. HP: 12/12 MP: 2/2
     0 | D:1      | 0 ||| qw: Version: 0.3-a-46-gb1f654a
     0 | D:1      | 0 ||| qw: Game counter: 2548
     0 | D:1      | 0 ||| qw: Melee chars always use a shield: true
     0 | D:1      | 0 ||| qw: God list: Okawaru
     0 | D:1      | 0 ||| qw: Allow faded altars: false
     0 | D:1      | 0 ||| qw: Do Orc after clearing Dungeon:15 true
     0 | D:1      | 0 ||| qw: Do second Lair branch before Depths: true
     0 | D:1      | 0 ||| qw: Lair rune preference: random
     0 | D:1      | 0 ||| qw: Goals: Normal
     0 | D:1      | 0 ||| PLANNING D:1-11
   251 | D:1      | Reached XP level 2. HP: 9/16 MP: 3/3
   488 | D:1      | 488 ||| SWAPPING to +0 orcbow.
   489 | D:1      | 489 ||| DROPPING +1 sling.
   622 | D:1      | Reached skill level 3 in Ranged Weapons
   863 | D:1      | 863 ||| READING scroll labelled QEIS XIJOOHE.
   864 | D:1      | 864 ||| READING scroll labelled RIMMEL ACOST.
   865 | D:1      | 865 ||| READING 2 scrolls labelled XIACSE JEF CUA.
   866 | D:1      | 866 ||| READING scroll labelled RAIXAXT JERE.
   867 | D:1      | 867 ||| READING scroll labelled VUCKIU KIXEJ.
   868 | D:1      | 868 ||| DROPPING scroll of poison.
   869 | D:1      | 869 ||| DROPPING scroll of blinking.
   898 | D:2      | Reached XP level 3. HP: 21/21 MP: 4/4
   907 | D:2      | 907 ||| FLEEEEING.
   908 | D:2      | 908 ||| FLEEEEING.
   912 | D:2      | Reached XP level 4. HP: 14/26 MP: 5/5
   917 | D:2      | 917 ||| STAIRDANCE
  1662 | D:2      | 1662 ||| UPGRADING to +0 pair of gloves.
  1667 | D:2      | 1667 ||| UPGRADING to +0 ring mail.
  1677 | D:2      | 1677 ||| DROPPING +0 robe.
  1678 | D:2      | 1678 ||| UPGRADING to +0 pair of boots.
  1683 | D:2      | 1683 ||| READING scroll labelled RAEWUXZAASCH.
  1784 | D:2      | 1784 ||| DRINKING 2 bubbling orange potions.
  1793 | D:2      | 1793 ||| DRINKING 2 purple potions.
  1794 | D:2      | 1794 ||| DROPPING potion of ambrosia.
  1930 | D:3      | Reached skill level 1 in Armour
  1952 | D:3      | Reached skill level 4 in Ranged Weapons
  2307 | D:3      | HP: 1/26 [gnoll/+0 flail (6)]
  2309 | D:3      | Slain by a gnoll

Levels and vault maps discovered:
D:1:      lightli_arrival_statuegarden, layout_loops_corners
D:2:      layout_basic, chequers_serial_rivers_room_a
D:3:      layout_basic

Skill      XL: |  1  2  3  4 |
---------------+-------------+-----
Ranged Weapons | 3 4 |  4.3
Fighting       | 2 |  2.2
Armour         | 1 |  1.0
Dodging        | |  1.5
Spellcasting   | |  1.0
Hexes          | |  2.6

Action                     |  1- 3 |  4- 6 || total
---------------------------+-------+-------++-------
   Fire: Sling             |    26 |       ||    26
         Orcbow            |    41 |    71 ||   112
    Use: Scroll            |     5 |     1 ||     6
         Potion            |       |     2 ||     2
 Armour: Robe              |     6 |       ||     6
         Ring mail         |       |    16 ||    16
  Dodge: Dodged            |    14 |    30 ||    44

Table legend:
 A = Non-vault XP
 B = Vault XP
 C = Vault XP percentage of total XP
 D = Non-vault monster count
 E = Vault monster count
 F = Vault count percentage of total count
                 A         B        C        D         E       F
            +---------+---------+-------+---------+---------+-------
      Total |     154 |       0 |   0.0 |      43 |       0 |   0.0
            +---------+---------+-------+---------+---------+-------
        D:1 |      25 |       0 |   0.0 |      17 |       0 |   0.0
        D:2 |      72 |       0 |   0.0 |      13 |       0 |   0.0
        D:3 |      57 |       0 |   0.0 |      13 |       0 |   0.0
            +---------+---------+-------+---------+---------+-------
